 Dungeon Crawl Stone Soup version 0.30-a0-352-g1e81539 (webtiles) character file.

Game seed: 103626030914558911

3258 Gigglenaut the Poker (level 9, -2/69 HPs)
             Began as a Demonspawn Gladiator on Nov 6, 2022.
             Was a High Priest of Lugonu.
             Slain by an orc knight
             ... wielding a +0 halberd
              (10 damage)
             ... in a bailey.
             The game lasted 00:11:21 (6106 turns).

Gigglenaut the Poker (Demonspawn Gladiator)         Turns: 6106, Time: 00:11:21

Health: -2/69      AC: 10    Str: 19    XL:     9   Next: 68%
Magic:  0/14       EV: 14    Int:  9    God:    Lugonu [*****.]
Gold:   627        SH:  0    Dex: 17    Spells: 8/8 levels left

rFire   + . .      SeeInvis .    e - +2 trident (flame)
rCold   + + .      Faith    .    (no shield)
rNeg    . . .      Spirit   +    y - +0 ring mail of Impatience {rElec rF+ rC+ Dex+2}
rPois   .          Reflect  .    c - +0 helmet
rElec   +          Harm     .    (no cloak)
rCorr   .          Rampage  .    (no gloves)
Will    +....                    J - +0 pair of boots
Stlth   +.........               i - amulet of guardian spirit
HPRegen 0.31/turn                h - ring of protection from cold
MPRegen 0.14/turn                m - ring of willpower

@: no status effects
A: thin metallic scales 1, foul stench 1, spiny 1, demonic touch 1
a: Renounce Religion, Depart the Abyss, Banish, Corrupt, Enter the Abyss


You were in a bailey.
You worshipped Lugonu.
Lugonu was extremely pleased with you.
You visited 1 branch of the dungeon, and saw 7 of its levels.
You also visited: Bailey.

You collected 627 gold pieces.

Inventory:

Hand Weapons
 e - a +2 trident of flaming (weapon)
Missiles
 L - a javelin
Armour
 c - a +0 helmet (worn)
 y - the +0 ring mail of Impatience (worn) {rElec rF+ rC+ Dex+2}
   (You found it on level 3 of the Dungeon)

   Dex:       It affects your dexterity (+2).
   rF:        It protects you from fire.
   rC:        It protects you from cold.
   rElec:     It insulates you from electricity.
 J - a +0 pair of boots (worn)
Jewellery
 a - a ring of ice
 h - a ring of protection from cold (left hand)
 i - an amulet of guardian spirit (around neck)
 m - a ring of willpower (right hand)
 r - a ring of wizardry
 s - a ring of wizardry
Wands
 B - a wand of polymorph (12) (quivered)
 F - a wand of flame (22)
Scrolls
 g - 9 scrolls of identify {unknown}
 n - 2 scrolls of noise {unknown}
 p - a scroll of amnesia {unknown}
 q - a scroll of immolation {unknown}
 t - 4 scrolls of enchant weapon {unknown}
 v - 6 scrolls of teleportation {unknown}
 w - a scroll of poison {unknown}
 z - a scroll of brand weapon {unknown}
 A - a scroll of magic mapping {unknown}
 C - a scroll of blinking {unknown}
 G - 5 scrolls of fear {unknown}
Potions
 b - 3 potions of brilliance
 f - 2 potions of ambrosia
 j - a potion of flight
 k - a potion of invisibility {unknown}
 o - 2 potions of mutation {unknown}
 u - 3 potions of might
 x - a potion of experience {unknown}
 D - a potion of cancellation
 E - 3 potions of degeneration {unknown}
 H - 2 potions of haste {unknown}
 I - 3 potions of heal wounds {unknown}
 K - a potion of berserk rage {unknown}
 M - a potion of resistance {unknown}


   Skills:
 + Level 5.8 Fighting
 * Level 7.9 Polearms
 - Level 2.1 Throwing
 + Level 4.9 Armour
 + Level 5.7 Dodging
 + Level 6.8 Invocations


You had 8 spell levels left.
You didn't know any spells.
Your spell library contained the following spells:

 Spells                   Type           Power      Damage    Failure   Level
 Frozen Ramparts          Ice            0%         1d1       90%         3
 Gell's Gravitas          Tloc           0%         N/A       90%         3
 Teleport Other           Tloc           0%         N/A       90%         3
 Ice Form                 Ice/Tmut       0%         N/A       100%        4
 Summon Ice Beast         Ice/Summ       0%         N/A       100%        4
 Blade Hands              Tmut           0%         N/A       100%        5
 Irradiate                Conj/Tmut      0%         3d11      100%        5
 Dispersal                Tloc           0%         N/A       100%        6
 Dragon Form              Tmut           0%         N/A       100%        7


Dungeon Overview and Level Annotations

Branches:
Dungeon (7/15)             Temple (0/1) D:6          Bailey (1/1)

Altars:
Gozag
Kikubaaqudgha
Makhleb
Nemelex Xobeh
Sif Muna
Uskayaw
Vehumet
Wu Jian
Xom
Lugonu


Innate Abilities, Weirdness & Mutations

You are partially covered in thin metallic scales. (AC +2)
You may rarely emit foul miasma when damaged in melee.
You are partially covered in sharp spines.
Your touch may inflict minor irresistible damage on your foes.


Message History

* * * LOW HITPOINT WARNING * * *
The orc warrior barely misses you. The orc knight misses you.
You're too confused to move!
The orc warrior is struck by your spines.
The orc warrior closely misses you.
The orc knight hits you from afar with a +0 halberd.
* * * LOW HITPOINT WARNING * * *
You feel less invigorated.
You feel less confused.
The orc warrior hits you from afar with a +0 glaive!!
* * * LOW HITPOINT WARNING * * *
Okay, then.
Press: ? - help, Shift-Dir - straight line, f - orc knight, p - orc warrior
Aim: an orc knight, wielding a +0 halberd and wearing a +0 ring mail (chance to affect: 70%)
The orc warrior is devoured by a tear in reality.
Lugonu claims a new guest.
Okay, then.
You feel better. The orc knight barely misses you.
You feel better. The orc knight closely misses you.
You feel better.
The orc knight hits you from afar with a +0 halberd.
* * * LOW HITPOINT WARNING * * *
It was a potion of might.
You feel very mighty all of a sudden. The orc knight barely misses you.
The orc knight hits you with a +0 halberd!
* * * LOW HITPOINT WARNING * * *
You hit the orc knight. You burn the orc knight.
The orc knight is lightly wounded.
The orc knight closely misses you.
You hit the orc knight. You burn the orc knight.
The orc knight is lightly wounded.
The orc knight is struck by your spines.
The orc knight barely misses you.
It was a potion of cancellation.
Your magical effects are unravelling.
You feel magically purged.
You float gracefully downwards.
You feel a little less mighty now.
You feel a little less clever now.
The orc knight hits you with a +0 halberd!
You die...

############ #######
##.∩...))...## ##.....###
#.....)#)..@.######.......#.
#.....###..o§#....#..##...'.
#∩.....8..).))....'..8oo..'.
#.....###....#....#..##...'.
#......#.....######....o..#.
##.∩........## ##.....###
############ #######


You could see an orc knight.

Vanquished Creatures
  A water moccasin (D:5)
  3 ice beasts
  7 orc warriors
  A sky beast (D:7)
  A black bear (D:6)
  2 phantoms
  A kobold brigand (D:7)
  A bullfrog (D:7)
  A gnoll sergeant (D:7)
  5 scorpions
  9 wights
  3 vampire bats (D:4)
  A howler monkey (D:7)
  2 hounds
  A jelly (D:6)
  2 orc priests
  A gnoll bouda (D:6)
  2 iguanas
  4 orc wizards (D:6)
  Robin (D:4)
  7 adders
  8 gnolls
  A shadow imp (D:5)
  5 white imps
  2 ufetubi (D:5)
  4 dart slugs
  25 orcs
  8 bats
  12 endoplasms
  2 giant cockroaches
  20 goblins
  11 hobgoblins
  4 jackals (D:4)
  3 quokkas
  6 ball pythons
  4 frilled lizards
  9 kobolds
  3 rats
183 creatures vanquished.

Vanquished Creatures (others)
  A quokka (D:5)
1 creature vanquished.

Grand Total: 184 creatures vanquished

Notes
Turn   | Place    | Note
-------+----------+-------------------------------------------
     0 | D:1      | Gigglenaut the Demonspawn Gladiator began the quest for the
                  | Orb.
     0 | D:1      | Reached XP level 1. HP: 16/16 MP: 1/1
   183 | D:1      | Gained mutation: Your touch may inflict minor irresistible
                  | damage on your foes. [demonic ancestry]
   183 | D:1      | Reached XP level 2. HP: 14/22 MP: 2/2
   496 | D:1      | Reached skill level 3 in Polearms
   963 | D:2      | Gained mutation: You are partially covered in sharp spines.
                  | [demonic ancestry]
   963 | D:2      | Reached XP level 3. HP: 27/27 MP: 3/3
  1471 | D:2      | Found a faded altar of an unknown god.
  1487 | D:2      | Prayed at the altar of an unknown god.
  1487 | D:2      | Became a worshipper of Lugonu the Unformed
  1487 | D:2      | Reached * piety under Lugonu
  1487 | D:2      | Reached ** piety under Lugonu
  1732 | D:3      | Reached skill level 1 in Armour
  1845 | D:3      | Identified the +0 ring mail of Impatience {rElec rF+ rC+
                  | Dex+2}
  2064 | D:3      | Reached XP level 4. HP: 34/34 MP: 4/4
  2396 | D:4      | Noticed Robin
  2435 | D:4      | Killed Robin
  2487 | D:4      | Reached *** piety under Lugonu
  2510 | D:4      | Reached skill level 1 in Invocations
  2523 | D:4      | Reached XP level 5. HP: 39/39 MP: 5/5
  2642 | D:4      | Found a shimmering altar of Xom.
  2643 | D:4      | Found a sparkling altar of Nemelex Xobeh.
  2643 | D:4      | Found an ornate altar of the Wu Jian Council.
  2645 | D:4      | Found an ancient bone altar of Kikubaaqudgha.
  2647 | D:4      | Found a burning altar of Makhleb.
  2647 | D:4      | Found a hide-covered altar of Uskayaw.
  2649 | D:4      | Reached skill level 4 in Polearms
  2649 | D:4      | Found an opulent altar of Gozag.
  2658 | D:4      | Found a shimmering blue altar of Sif Muna.
  2844 | D:4      | Found a radiant altar of Vehumet.
  2980 | D:4      | Gained mutation: You are partially covered in thin metallic
                  | scales. (AC +2) [demonic ancestry]
  2980 | D:4      | Reached XP level 6. HP: 47/47 MP: 5/7
  3041 | D:5      | Entered Level 5 of the Dungeon
  3191 | D:5      | Noticed a water moccasin
  3198 | D:5      | Killed a water moccasin
  3199 | D:5      | Reached XP level 7. HP: 33/52 MP: 7/9
  3325 | D:5      | Reached skill level 5 in Polearms
  3718 | D:5      | Reached **** piety under Lugonu
  3933 | D:6      | Reached XP level 8. HP: 40/59 MP: 7/11
  4014 | D:6      | Found a staircase to the Ecumenical Temple.
  4051 | D:6      | Reached skill level 6 in Polearms
  4076 | D:6      | Reached skill level 5 in Invocations
  5043 | D:6      | Reached skill level 5 in Dodging
  5311 | D:7      | Reached skill level 5 in Fighting
  5311 | D:7      | Gained mutation: You may rarely emit foul miasma when
                  | damaged in melee. [demonic ancestry]
  5311 | D:7      | Reached XP level 9. HP: 65/68 MP: 11/13
  5326 | D:7      | Reached skill level 7 in Polearms
  5366 | D:7      | Found the +3 woodcutter's axe {vorpal}
  5586 | D:7      | Reached ***** piety under Lugonu
  5651 | D:7      | Found a flagged portal.
  5658 | Bailey   | Entered a bailey
  6056 | Bailey   | Noticed an orc knight
  6097 | Bailey   | HP: 3/69 [orc warrior/+0 glaive (15)]
  6106 | Bailey   | Slain by an orc knight

Illustrated notes

Levels and vault maps discovered:
D:1:      wheals_arrival_shading, layout_loops_cross, grunt_decor_arrowhead,
          st_stairs_6, minmay_hexomino_c4
D:2:      layout_loops_corners, basic_ecumenical_altar
D:3:      layout_basic, grunt_decor_junction
D:4:      layout_rooms, mainiacjoe_overflow_brackets,
          grunt_temple_overflow_open, roderic_batcave, uniq_robin
D:5:      minmay_opposing_rooms, layout_cave_pools, elyvilon_altar_4
D:6:      layout_basic, minmay_temple_entry_proselytizer,
          chequers_ossuary_entry_cave
D:7:      layout_basic, enter_bailey_3
Bailey:   bailey_polearm_5, bailey

Skill      XL: |  1  2  3  4  5  6  7  8  9 |
---------------+----------------------------+-----
Polearms       | 3 4 5 6 7 |  7.9
Throwing       | 2 |  2.1
Dodging        | 3 4 5 |  5.7
Armour         | 1 2 3 4 |  4.9
Invocations    | 1 2 3 4 5 6 |  6.8
Fighting       | 3 4 5 |  5.8

Action                   |  1- 3 |  4- 6 |  7- 9 || total
-------------------------+-------+-------+-------++-------
Melee: Trident           |   106 |   104 |   132 ||   342
       Touch             |    14 |    17 |    41 ||    72
       Punch             |       |     1 |     4 ||     5
       Spear             |       |       |   238 ||   238
Throw: Throwing net      |       |       |     8 ||     8
       Javelin           |       |       |     2 ||     2
Invok: Banish            |       |       |     1 ||     1
Evoke: Wand              |       |       |     1 ||     1
  Use: Potion            |       |       |     9 ||     9
 Stab: Held in net/web   |       |       |     2 ||     2
Armor: Leather armour    |    26 |       |       ||    26
       Ring mail         |     1 |    25 |    71 ||    97
Dodge: Dodged            |    38 |    46 |   181 ||   265

Table legend: (Time is in decaauts)
 A = Elapsed time spent in this place.
 B = Non-inter-level travel time spent in this place.
 C = Inter-level travel time spent in this place.
 D = Time resting spent in this place.
 E = Time spent auto-exploring this place.
 F = Levels seen in this place.
 G = Mean time per level.
                   A        B        C        D        E       F      G
               +--------+--------+--------+--------+--------+-----+--------+
         Total |   6071 |   5857 |    214 |      0 |   4673 |   8 |  758.9 |
       Dungeon |   5629 |   5415 |    214 |      0 |   4364 |   7 |  804.1 |
        Bailey |    441 |    441 |      0 |      0 |    309 |   1 |  441.0 |
               +--------+--------+--------+--------+--------+-----+--------+

Top non-repeatable levels by time:
     D:6: 1345 daAuts
     D:2: 948 daAuts
     D:5: 825 daAuts
     D:1: 789 daAuts
     D:4: 692 daAuts
     D:3: 633 daAuts
  Bailey: 441 daAuts
     D:7: 395 daAuts
